AoeStats
← postavič

Black Forest

509903740Analyzed
4v4 RM · 5d ago on Sep 28, 2026· 6m 36s· 8 players
Game mode
Random Map
Map size
Large (8 player)
Population
200
Speed
Normal
Resources
Standard
Victory
Conquest
Starting age
Dark Age
Ending age
Imperial Age
RankedLock teamsTeams togetherTeam positionsShared explorationLock speedFull tech treeHidden civsTurbo modeCheats
Victory
Defeat
🇨🇿 Saracens · Czechia
1883
+5
🇨🇿 Malians · Czechia
1742
+9
🇨🇿 Aztecs · Czechia
1630
+13
🇨🇿 Koreans · Czechia
1595
+13
🇨🇳 Lithuanians · China
1631
-12
🇨🇳 Cumans · China
1599
-11
🇨🇳 Ethiopians · China
1534
-9
🇸🇪 Bengalis · Sweden
1517
-8
枕上鸳鸯睡红莲
xGusZx24
0:27 Loom
Envetel
0:34 Loom
Boar
5:32 Loom
postavič
Bedrich
5:35 Loom
Tarbiczek
0:41 Loom
alesh
0:52 Loom
0:56 Loom
0:58 Loom
Connection lost

Rejoining the realm…

Still unreachable

The connection could not be restored.

Session expired

The server has moved on; the page needs a fresh start.